 Dungeon Crawl Stone Soup version 0.28.0 (webtiles) character file.

Game seed: 16279974047343663258

133 a3don the Skirmisher (level 5, 0/47 HPs)
             Began as a Hill Orc Fighter on Feb 13, 2022.
             Was an Initiate of Beogh.
             Killed from afar by an orc wizard (7 damage)
             ... with a magic dart
             ... on level 4 of the Dungeon.
             The game lasted 00:03:31 (3782 turns).

a3don the Skirmisher (Hill Orc Fighter)             Turns: 3782, Time: 00:03:33

Health: 0/47       AC:  8    Str: 19    XL:     5   Next: 16%
Magic:  5/5        EV:  9    Int: 10    God:    Beogh [......]
Gold:   144        SH:  4    Dex: 10    Spells: 4/4 levels left

rFire   . . .      SeeInvis .   a - +0 war axe
rCold   . . .      Faith    .   c - +0 buckler
rNeg    . . .      Spirit   .   b - +0 scale mail
rPois   .          Reflect  .   r - +0 helmet
rElec   .          Harm     .   (no cloak)
rCorr   .          Rampage  .   (no gloves)
Will    .....                   (no boots)
Stlth   ..........              (no amulet)
HPRegen 0.15/turn               (no ring)
MPRegen 0.09/turn               (no ring)

@: no status effects
A: no striking features
a: Renounce Religion


You were on level 4 of the Dungeon.
You worshipped Beogh.
Beogh was noncommittal.
You visited 1 branch of the dungeon, and saw 4 of its levels.

You collected 144 gold pieces.

Inventory:

Hand Weapons
 a - a +0 war axe (weapon)
 k - a +0 battleaxe
 q - a +1 hunting sling of freezing
Missiles
 g - 5 poisoned darts (quivered)
Armour
 b - a +0 scale mail (worn)
 c - a +0 buckler (worn)
 r - a +0 helmet (worn)
Jewellery
 l - a +6 ring of strength
 o - an amulet of magic regeneration
Scrolls
 e - a scroll of enchant weapon {unknown}
 f - 3 scrolls of identify {unknown}
 h - a scroll of immolation {unknown}
 j - a scroll of holy word {unknown}
 n - a scroll of noise {unknown}
 p - a scroll of vulnerability {unknown}
 t - a scroll of enchant armour {unknown}
Potions
 d - a potion of might
 i - 2 potions of ambrosia
 m - 2 potions of mutation {unknown}
 s - a potion of invisibility {unknown}
 u - 2 potions of resistance {unknown}


   Skills:
 + Level 4.5 Fighting
 * Level 4.4 Axes
 + Level 4.1 Armour
 + Level 4.1 Shields


You had 4 spell levels left.
You didn't know any spells.
Your spell library was empty.

Dungeon Overview and Level Annotations

Branches:
Dungeon (4/15)
 Temple: D:4-7

Altars:
The Shining One


Message History

You are confused.
You closely miss something. Something hits you but does no damage.
Something completely misses you.
You bump into the rock wall.
Something hits you but does no damage. Something hits you but does no damage.
You miss something.
You hear some strange, mumbled words.
A puff of flame appears from out of thin air!
The puff of flame hits you!
* * * LOW HITPOINT WARNING * * *
Something hits you.
* * * LOW HITPOINT WARNING * * *
You're too confused to move!
You feel less confused. Something hits you but does no damage.
It was a potion of ambrosia.
You are confused.
You feel invigorated. Something hits you.
* * * LOW HITPOINT WARNING * * *
Unknown command.
You miss something. Something hits you.
* * * LOW HITPOINT WARNING * * *
You completely miss something. Something hits you.
* * * LOW HITPOINT WARNING * * *
You completely miss something. Something hits you.
* * * LOW HITPOINT WARNING * * *
You bump into the rock wall.
You feel less invigorated.
You feel less confused. Something hits you but does no damage.
You miss something.
Something hits you but does no damage. x2
You closely miss something. Something hits you.
* * * LOW HITPOINT WARNING * * *
You miss something. Something hits you but does no damage.
You miss something.
An orc wizard appears from thin air!
Reactivating autopickup.
The orc wizard hits you with a +0 falchion.
* * * LOW HITPOINT WARNING * * *
The orc wizard gestures at you while chanting.
The magic dart hits you!
You die...

##+# ....
.######..###....
...........#....
.......@o..+....
.##..###'###.... ##.
#).....# ....#......#
....'...().#
##..#......######
#..#...........######
+. #...........#....#
# #######.....#....#


You could see an orc wizard.

Vanquished Creatures
  2 adders
  2 worms (D:3)
  3 dart slugs
  13 orcs (D:4)
  7 ball pythons
  9 bats
  4 endoplasms
  3 giant cockroaches
  9 hobgoblins
  2 quokkas
  3 frilled lizards
  9 goblins
  3 kobolds
  5 rats
74 creatures vanquished.

Vanquished Creatures (others)
  An orc priest (D:3)
  3 plants (D:1)
4 creatures vanquished.

Grand Total: 78 creatures vanquished

Notes
Turn   | Place    | Note
-------+----------+-------------------------------------------
     0 | D:1      | a3don the Hill Orc Fighter began the quest for the Orb.
     0 | D:1      | Reached XP level 1. HP: 19/19 MP: 1/1
    70 | D:1      | Reached XP level 2. HP: 26/27 MP: 2/2
   702 | D:1      | Reached XP level 3. HP: 33/33 MP: 3/3
  2167 | D:3      | Reached XP level 4. HP: 40/40 MP: 4/4
  2687 | D:3      | Found a faded altar of an unknown god.
  2809 | D:3      | Found a glowing golden altar of the Shining One.
  2905 | D:3      | Became a worshipper of Beogh the Brigand
  3309 | D:4      | Reached XP level 5. HP: 28/47 MP: 5/5
  3782 | D:4      | Killed from afar by an orc wizard

Illustrated notes

Levels and vault maps discovered:
D:1:      mrwooster_arrival_arrow, layout_loops_ring, serial_forest,
          infiniplex_forest_straight_3, infiniplex_forest_lined_corner,
          infiniplex_forest_clump_cross, infiniplex_forest_clump_small,
          infiniplex_forest_end_3, infiniplex_forest_fountain,
          infiniplex_forest_clump_tiny, infiniplex_forest_clump_small,
          infiniplex_forest_end_3, minmay_pentomino_v4
D:2:      kennysheep_big_flooded_room, layout_basic
D:3:      layout_loops_ring, tso_oasis_becter,
          hellmonk_ecumenical_altar_inner_sanctum,
          chequers_serial_rivers_micro_b, minmay_misc_feat_plants,
          kennysheep_generic_room_13
D:4:      layout_gridville

Skill      XL: |  1  2  3  4 |
---------------+-------------+-----
Axes           | 3 4 |  4.4
Fighting       | 4 |  4.5
Armour         | 4 |  4.1
Shields        | 4 |  4.1

Action                   |  1- 3 |  4- 6 || total
-------------------------+-------+-------++-------
Melee: War axe           |   116 |    88 ||   204
Invok: Convert to Beogh  |       |     1 ||     1
  Use: Potion            |       |     1 ||     1
Armor: Scale mail        |    50 |    50 ||   100
Dodge: Dodged            |    58 |    46 ||   104
Block: Buckler           |    28 |    15 ||    43
